 Dungeon Crawl Stone Soup version 0.29-a0-483-g69413ace17 (webtiles) character file.

Game seed: 15091358658933599997

1697 xian the Archer (level 8, 0/48 HPs)
             Began as a Deep Elf Arcane Marksman on May 26, 2022.
             Was an Initiate of Fedhas.
             Slain by a killer bee (3 damage)
             ... on level 7 of the Dungeon.
             The game lasted 00:16:18 (6307 turns).

xian the Archer (Deep Elf Arcane Marksman)          Turns: 6307, Time: 00:16:18

Health: 0/48       AC:  6    Str:  7    XL:     8   Next: 72%
Magic:  13/13      EV: 13    Int: 19    God:    Fedhas [......]
Gold:   419        SH:  5    Dex: 17    Spells: 11/12 levels left

rFire   . . .      SeeInvis .   F - +4 dagger (venom)
rCold   . . .      Faith    .   (no shield)
rNeg    . . .      Spirit   .   h - +0 leather armour
rPois   .          Reflect  +   g - +1 helmet
rElec   .          Harm     .   (no cloak)
rCorr   +          Rampage  .   s - +0 pair of gloves
Will    .....                   (no boots)
Stlth   ++........              m - amulet of reflection
HPRegen 0.16/turn               B - ring of resist corrosion
MPRegen 0.13/turn               (no ring)

@: lethally poisoned (0 -> -2), studying Staves
A: no striking features
a: Renounce Religion


You were on level 7 of the Dungeon.
You worshipped Fedhas.
Fedhas was noncommittal.
You visited 2 branches of the dungeon, and saw 8 of its levels.

You collected 419 gold pieces.

Inventory:

Hand Weapons
 a - a +0 shortbow
 F - a +4 dagger of venom (weapon)
Missiles
 l - 4 datura-tipped darts
 v - 13 poisoned darts
 I - 2 javelins
Armour
 g - a +1 helmet (worn)
 h - a +0 leather armour (worn)
 s - a +0 pair of gloves (worn)
Jewellery
 m - an amulet of reflection (around neck)
 u - an amulet of regeneration
 B - a ring of resist corrosion (left hand)
 E - an amulet of faith
Wands
 z - a wand of paralysis (14)
 G - a wand of acid (9)
 J - a wand of digging (9)
Scrolls
 c - a scroll of vulnerability
 d - 3 scrolls of immolation {unknown}
 e - 2 scrolls of poison {unknown}
 f - 8 scrolls of teleportation {unknown}
 i - a scroll of enchant weapon {unknown}
 j - a scroll of fog {unknown}
 k - 6 scrolls of identify {unknown}
 n - a scroll of acquirement {unknown}
 o - 2 scrolls of blinking {unknown}
 q - 2 scrolls of magic mapping {unknown}
 r - a scroll of amnesia {unknown}
 y - a scroll of fear {unknown}
Potions
 b - 2 potions of resistance {unknown}
 p - 3 potions of mutation {unknown}
 t - a potion of flight {unknown}
 w - 2 potions of ambrosia {unknown}
 x - 4 potions of lignification {unknown}
 A - a potion of curing {unknown}
 C - a potion of haste {unknown}
 D - a potion of attraction {unknown}
 H - a potion of heal wounds {unknown}


   Skills:
 + Level 3.9 Fighting
 + Level 1.9 Short Blades
 + Level 10.3 Bows
 + Level 2.9 Armour
 + Level 4.7 Dodging
 + Level 1.1 Stealth
 + Level 0.9 Shields
 + Level 2.5 Spellcasting
 + Level 5.1 Hexes


You had 11 spell levels left.
You knew the following spells:

 Your Spells              Type           Power      Damage    Failure   Level
a - Slow                  Hex            88%        N/A       2%          1

Your spell library contained the following spells:

 Spells                   Type           Power      Damage    Failure   Level
 Foxfire                  Conj/Fire      8%         2x1d4     24%         1
 Sandblast                Erth           4%         2d4       24%         1
 Summon Small Mammal      Summ           8%         N/A       24%         1
 Inner Flame              Hex/Fire       12%        N/A       24%         3
 Portal Projectile        Hex/Tloc       24%        N/A       24%         3
 Summon Guardian Golem    Hex/Summ       12%        N/A       24%         3
 Cause Fear               Hex            11%        N/A       28%         4
 Passwall                 Tmut/Erth      1%         N/A       34%         2
 Call Canine Familiar     Summ           2%         N/A       56%         3
 Conjure Flame            Conj/Fire      2%         6-21      56%         3
 Stone Arrow              Conj/Erth      4%         3d7       56%         3
 Summon Mana Viper        Hex/Summ       12%        N/A       92%         5
 Flame Wave               Conj/Fire      2%         2d4       93%         4
 Summon Ice Beast         Ice/Summ       2%         N/A       93%         4
 Monstrous Menagerie      Summ           1%         N/A       100%        7


Dungeon Overview and Level Annotations

Branches:
Dungeon (7/15)             Temple (1/1) D:6

Altars:
Ashenzari
Dithmenos
Fedhas
Okawaru
Qazlal
Uskayaw
Wu Jian
The Shining One

Shops:
D:6 (

Annotations:
D:2 1 runed translucent door, Crazy Yiuf


Message History

The killer bee looks as sick as possible!
The killer bee is heavily wounded.
You feel sick. The killer bee stings you.
You are more poisoned.
The killer bee poisons you! The killer bee barely misses you.
You hit the killer bee.
You kill the killer bee!
Fedhas appreciates your contribution to the ecosystem.
You feel sick.
You hit the killer bee.
The killer bee is moderately wounded.
You feel sick. The killer bee closely misses you.
The killer bee stings you but does no damage.
You hit the killer bee.
The killer bee is poisoned.
The killer bee is heavily wounded.
You feel sick. The killer bee barely misses you.
You block the killer bee's attack.
You hit the killer bee.
You kill the killer bee!
Fedhas appreciates your contribution to the ecosystem.
You feel sick. The killer bee stings you.
* * * LOW HITPOINT WARNING * * *
You closely miss the killer bee.
* * * LOW HITPOINT WARNING * * *
You feel sick. The killer bee misses you.
The killer bee stings you but does no damage.
You hit the killer bee.
The killer bee is lightly wounded.
* * * LOW HITPOINT WARNING * * *
You feel sick. You block the killer bee's attack.
The killer bee barely misses you.
You puncture the killer bee!
The killer bee is poisoned.
The killer bee is heavily wounded.
The killer bee barely misses you.
You closely miss the killer bee.
The killer bee is heavily wounded.
* * * LOW HITPOINT WARNING * * *
You feel sick. The killer bee stings you.
You die...
Fedhas appreciates your contribution to the ecosystem.

###.#.#.#...### #...
#.............# #.##
#.##..##......#####...
#..................
#.##........#..##..
####..#........#..##..
#######..............#......
#.......###.##.......#.###.#
#.......# #@##.......#...#..
#.......# #y## .... ###.###
#.......# #y.# . #...#
#.......# ##†# ###.#
##......# ..# #.# ###..###
..# #.# #.. ..+ #.# ..# #.#
#.# #..


You could see 2 killer bees.

Vanquished Creatures
  A sky beast (D:7)
  2 black bears
  A centaur (D:6)
  3 phantoms
  A bullfrog (D:7)
  2 scorpions (D:5)
  3 killer bees (D:7)
  5 hounds
  2 jellies
  3 orc priests (D:6)
  4 iguanas
  8 orc wizards
  Robin (D:2)
  A gnoll (D:1)
  5 adders
  A shadow imp (D:6)
  2 ufetubi
  A worm (D:5)
  6 dart slugs
  19 orcs
  8 endoplasms
  A giant cockroach (D:2)
  11 hobgoblins
  6 jackals
  6 kobolds
  5 quokkas
  2 ball pythons (D:2)
  3 bats (D:1)
  2 frilled lizards
  22 goblins
  2 rats
139 creatures vanquished.

Notes
Turn   | Place    | Note
-------+----------+-------------------------------------------
     0 | D:1      | xian the Deep Elf Arcane Marksman began the quest for the
                  | Orb.
     0 | D:1      | Reached XP level 1. HP: 11/11 MP: 5/5
   306 | D:1      | Found a faded altar of an unknown god.
   331 | D:1      | Reached XP level 2. HP: 16/16 MP: 6/6
   373 | D:1      | Reached skill level 3 in Bows
   819 | D:1      | Reached skill level 4 in Bows
   819 | D:1      | Reached XP level 3. HP: 20/20 MP: 7/7
  1533 | D:2      | Reached skill level 1 in Fighting
  1555 | D:2      | Reached XP level 4. HP: 20/25 MP: 8/8
  1689 | D:2      | Noticed Robin
  1702 | D:2      | Killed Robin
  1703 | D:2      | Reached skill level 5 in Bows
  1970 | D:2      | Found a runed translucent door.
  1971 | D:2      | Noticed Crazy Yiuf
  2480 | D:3      | Reached XP level 5. HP: 29/29 MP: 9/9
  2487 | D:3      | Reached skill level 6 in Bows
  2877 | D:4      | Noticed a phantom
  2888 | D:4      | Killed a phantom
  2889 | D:4      | Reached skill level 7 in Bows
  2889 | D:4      | Reached XP level 6. HP: 34/34 MP: 10/10
  2942 | D:4      | Reached skill level 1 in Armour
  3065 | D:4      | Found a glowing golden altar of the Shining One.
  3438 | D:5      | Entered Level 5 of the Dungeon
  3748 | D:5      | Reached skill level 8 in Bows
  3748 | D:5      | Reached XP level 7. HP: 30/40 MP: 11/11
  4602 | D:6      | Reached skill level 5 in Hexes
  4689 | D:6      | Reached skill level 9 in Bows
  4701 | D:6      | Found a staircase to the Ecumenical Temple.
  4723 | Temple   | Entered the Ecumenical Temple
  4863 | Temple   | Became a worshipper of Fedhas Madash
  4901 | D:6      | Found Byoreyme's Antique Weapon Shop.
  4909 | D:6      | Reached XP level 8. HP: 46/46 MP: 11/13
  5660 | D:7      | Reached skill level 1 in Short Blades
  6025 | D:7      | Reached skill level 10 in Bows
  6175 | D:7      | Reached skill level 1 in Stealth
  6307 | D:7      | Slain by a killer bee

Illustrated notes

Levels and vault maps discovered:
D:1:      scummos_arrival_gate, layout_loops_ring,
          ebering_ecumenical_altar_mist, minmay_pentomino_x2
D:2:      layout_loops_cross, minmay_goblin_outpost, uniq_robin,
          uniq_crazy_yiuf_cottage
D:3:      layout_basic
D:4:      layout_basic, kennysheep_mini, minmay_circle_x
D:5:      layout_layer_cave, kennysheep_generic_room_16
D:6:      layout_gridville, minmay_temple_entry_offerings, nicolae_stop_n_shop_1
D:7:      layout_basic, uniq_joseph
Temple:   mainiacjoe_temple_trianglar_array

Skill      XL: |  1  2  3  4  5  6  7  8 |
---------------+-------------------------+-----
Bows           | 4 5 7 8 9 10 | 10.3
Fighting       | 1 2 3 |  3.9
Dodging        | 3 4 |  4.7
Armour         | 1 2 |  2.9
Hexes          | 5 |  5.1
Spellcasting   | 2 |  2.5
Short Blades   | 1 |  1.9
Stealth        | 1 |  1.1
Shields        | |  0.9

Action                   |  1- 3 |  4- 6 |  7- 9 || total
-------------------------+-------+-------+-------++-------
Melee: Dagger            |       |       |   105 ||   105
       Shortbow          |       |       |     1 ||     1
       Punch             |       |       |     1 ||     1
 Fire: Shortbow          |   104 |   215 |   123 ||   442
 Cast: Slow              |     3 |     4 |     8 ||    15
Armor: Leather armour    |    20 |    60 |    71 ||   151
Dodge: Dodged            |    37 |   128 |    90 ||   255
Block: Other             |       |       |    18 ||    18
       Reflection        |       |       |     1 ||     1

Table legend: (Time is in decaauts)
 A = Elapsed time spent in this place.
 B = Non-inter-level travel time spent in this place.
 C = Inter-level travel time spent in this place.
 D = Time resting spent in this place.
 E = Time spent auto-exploring this place.
 F = Levels seen in this place.
 G = Mean time per level.
                   A        B        C        D        E       F      G
               +--------+--------+--------+--------+--------+-----+--------+
         Total |   6397 |   6230 |    167 |    537 |   4223 |   8 |  799.6 |
       Dungeon |   5989 |   5842 |    147 |    293 |   4089 |   7 |  855.6 |
        Temple |    408 |    388 |     20 |    244 |    134 |   1 |  408.0 |
               +--------+--------+--------+--------+--------+-----+--------+

Top non-repeatable levels by time:
     D:1: 1418 daAuts
     D:5: 944 daAuts
     D:2: 875 daAuts
     D:6: 865 daAuts
     D:4: 671 daAuts
     D:7: 665 daAuts
     D:3: 548 daAuts
  Temple: 408 daAuts
